Map: 2000 Atmospheres LE

Players

MaNa

  • Race: Protoss Protoss

uThermal - Winner!

  • Race: Terran Terran

Event: DreamHack SC2 Masters 2021 Winter

VOD

Have the link to the VOD?

Description

Time

  • Played on: Sept. 30, 2021, 2:01 p.m.
  • Length: 11:35

All games in this series

Show
View Real Time Build Order
Export as new Build Order

MaNa Protoss 

Build Orders: 1 Gate Expand, Oracle Opening, Phoenix Opening 

Get SALT Encoding   

  12  0:00  Probe  
  13  0:12  Probe  
  14  0:17  Pylon  
  14  0:24  Probe (Chrono Boost)  
  15  0:36  Probe (Chrono Boost)  
  15  0:37  Gateway  
  16  0:44  Probe (Chrono Boost)  
  16  0:47  Assimilator  
  17  0:51  Probe  
  18  1:03  Probe (Chrono Boost)  
  19  1:12  Probe (Chrono Boost)  
  19  1:17  Probe (Chrono Boost)  
  21  1:28  Nexus  
  20  1:38  Cybernetics Core  
  20  1:42  Assimilator  
  20  1:46  Probe  
  21  1:53  Pylon  
  21  1:58  Probe  
  22  2:11  Probe  
  22  2:13  Adept (Chrono Boost)  
  22  2:14  Stargate  
  25  2:23  Probe  
  25  2:25  Warp Gate  
  26  2:30  Pylon  
  26  2:35  Probe  
  27  2:38  Adept  
  27  2:42  Probe  
  30  2:47  Probe  
  31  2:54  Probe  
  31  2:56  Oracle (Chrono Boost)  
  32  2:59  Probe  
  36  3:06  Probe  
  36  3:11  Probe  
  38  3:14  Adept  
  38  3:18  Probe, Shield Battery  
  41  3:23  Probe  
  42  3:27  Phoenix (Chrono Boost)  
  42  3:30  Probe  
  45  3:35  Probe  
  45  3:40  Pylon  
  46  3:42  Probe  
  46  3:46  Gateway  
  46  3:47  Phoenix (Chrono Boost)  
  49  3:51  Probe  
  49  3:54  Probe  
  51  4:03  Probe  
  52  4:10  Phoenix  
  52  4:13  Probe  
  52  4:15  Probe  
  56  4:22  Nexus  
  56  4:25  Probe  
  56  4:27  Probe  
  56  4:30  Assimilator  
  58  4:33  Robotics Facility  
  58  4:34  Assimilator  
  58  4:38  Phoenix  
  60  4:39  Probe  
  60  4:40  Probe  
  62  4:47  Pylon  
  62  4:49  Twilight Council  
  62  4:54  Pylon  
  62  5:05  Probe x2  
  64  5:09  Pylon  
  64  5:17  Probe x2  
  66  5:22  Robotics Bay  
  66  5:24  Gateway  
  66  5:25  Gateway, Charge  
  66  5:27  Immortal (Chrono Boost)  
  66  5:30  Probe  
  66  5:34  Probe  
  72  5:39  Probe  
  73  5:44  Probe  
  73  5:46  Probe  
  73  5:47  Gateway x2  
  75  5:53  Sentry x2  
  79  5:57  Pylon  
  79  6:02  Probe x3  
  82  6:07  Shield Battery  
  82  6:09  Shield Battery  
  82  6:11  Colossus (Chrono Boost)  
  82  6:14  Extended Thermal Lance, Probe  
  89  6:21  Zealot x3  
  95  6:26  Probe  
  96  6:33  Probe x2  
  96  6:34  Zealot  
  96  6:37  Pylon x2  
  100  6:47  Pylon  
  100  6:48  Zealot x4  
  108  6:55  Phoenix  
  108  6:58  Shield Battery  
  110  7:09  Zealot x4  
  110  7:10  Zealot x2  
  110  7:13  Probe x3  
  125  7:18  Pylon  
  125  7:26  Colossus (Chrono Boost)  
  131  7:34  Forge  
  131  7:35  Probe x2, Forge  
  131  7:36  Pylon  
  133  7:44  Probe  
  133  7:47  Probe  
  133  7:48  Assimilator  
  135  7:51  Gateway  
  135  7:52  Gateway, Assimilator  
  135  7:53  Robotics Facility  
  135  7:59  Zealot x3  
  135  8:00  Zealot x2  
  135  8:02  Zealot  
  147  8:07  Warp Prism (Chrono Boost)  
  147  8:10  Protoss Ground Armor Level 1 (Chrono Boost), Protoss Ground Weapons Level 1 (Chrono Boost)  
  147  8:25  Pylon x2  
  147  8:29  Photon Cannon  
  147  8:30  Photon Cannon  
  147  8:31  Zealot  
  149  8:36  Nexus  
  149  8:38  Pylon  
  149  8:48  Templar Archives  
  139  9:14  Zealot x5  
  139  9:15  Zealot x3  
  139  9:17  Colossus x2 (Chrono Boost)  
  163  9:30  Pylon  
  163  9:31  Pylon  
  143  9:48  Zealot x6  
  143  9:49  Zealot x2  
  134  10:09  High Templar x8  
  134  10:13  Archon x3  
  148  10:19  Disruptor x2 (Chrono Boost)  
  148  10:20  Archon  
  153  10:38  Nexus  
  152  10:44  Disruptor x2 (Chrono Boost)  
  152  10:45  Zealot x3  
  152  10:46  Zealot x4  
  172  10:50  Photon Cannon  
  172  11:03  Assimilator  
  172  11:08  Assimilator  
  129  11:28  Zealot  
  129  11:29  Zealot x7  
Show
View Real Time Build Order
Export as new Build Order

uThermal Terran - Winner!

Build Orders:  

Get SALT Encoding   

  12  0:00  SCV  
  13  0:12  SCV  
  14  0:16  Supply Depot  
  14  0:24  SCV  
  15  0:38  SCV, Barracks  
  16  0:42  Refinery  
  16  0:50  SCV  
  17  1:02  SCV  
  18  1:14  SCV  
  19  1:28  Marine  
  19  1:29  Orbital Command  
  20  1:42  Command Center  
  20  1:55  SCV  
  20  1:57  Factory  
  21  2:02  Barracks Reactor  
  21  2:07  SCV  
  22  2:11  Supply Depot  
  22  2:19  SCV  
  22  2:21  Refinery  
  23  2:33  SCV  
  24  2:42  Starport  
  24  2:45  SCV  
  24  2:48  Hellion x2  
  29  2:54  Orbital Command  
  29  2:57  SCV  
  30  3:09  Hellion x2  
  30  3:10  SCV  
  35  3:12  Barracks Tech Lab  
  35  3:18  Medivac  
  37  3:20  SCV  
  38  3:28  SCV  
  38  3:33  SCV  
  40  3:38  Supply Depot, Siege Tank, Marine x2  
  40  3:41  SCV  
  46  3:52  Supply Depot  
  46  3:59  SCV x2, Marine x2  
  50  4:05  Barracks  
  50  4:10  Cyclone  
  50  4:11  SCV  
  50  4:13  SCV  
  55  4:18  Barracks  
  55  4:21  Marine x2  
  55  4:24  SCV  
  56  4:25  Supply Depot  
  56  4:26  SCV  
  55  4:36  SCV  
  55  4:38  SCV  
  57  4:39  Engineering Bay, Marine x2  
  57  4:42  Supply Depot  
  59  4:48  SCV  
  59  4:52  Factory Tech Lab  
  60  4:53  SCV  
  60  4:57  Marine x2  
  60  4:58  Marine  
  60  4:59  Supply Depot, Stimpack  
  64  5:00  SCV  
  64  5:02  Refinery  
  64  5:05  Terran Infantry Weapons Level 1  
  65  5:07  Missile Turret  
  65  5:08  SCV, Starport Reactor  
  65  5:12  SCV  
  67  5:15  Marine x2  
  67  5:18  Combat Shield, Marine  
  67  5:20  SCV, Factory Reactor  
  71  5:22  Marauder  
  71  5:24  SCV  
  74  5:32  SCV, Marine  
  74  5:33  Marine  
  77  5:36  Missile Turret, SCV  
  77  5:37  Marauder, Supply Depot  
  74  5:43  Marauder  
  74  5:49  Medivac x2  
  80  5:50  Marine x2  
  80  5:55  Supply Depot  
  82  5:58  Marine  
  82  6:00  Widow Mine x2  
  82  6:01  Supply Depot  
  82  6:04  Marine  
  87  6:08  Marine x2  
  90  6:12  Command Center  
  90  6:17  Supply Depot  
  90  6:18  Marine  
  90  6:19  Medivac  
  90  6:22  Marauder  
  90  6:24  Medivac  
  97  6:27  Widow Mine  
  97  6:28  Marine x2  
  97  6:29  Widow Mine  
  103  6:34  Refinery  
  103  6:43  Marine  
  103  6:44  Barracks x2  
  103  6:46  Marine  
  105  6:48  Widow Mine  
  105  6:51  Widow Mine  
  105  6:54  Supply Depot, Marine  
  112  7:01  Marauder  
  112  7:02  Supply Depot  
  112  7:04  Medivac, Marine  
  112  7:05  Marauder  
  117  7:12  Supply Depot  
  117  7:15  SCV  
  122  7:16  Widow Mine x2  
  122  7:28  SCV x2  
  122  7:29  Medivac  
  126  7:31  Marine  
  126  7:32  Marauder  
  126  7:34  Medivac  
  133  7:37  Widow Mine  
  133  7:40  SCV  
  134  7:49  Missile Turret, SCV  
  134  7:50  Orbital Command  
  134  7:51  Marine x2  
  137  7:53  Barracks Tech Lab x2  
  137  7:56  Widow Mine  
  139  7:59  SCV, Viking  
  144  8:05  Marauder  
  144  8:06  Marine  
  144  8:07  Supply Depot  
  144  8:11  Viking  
  144  8:12  SCV  
  148  8:14  Marauder  
  148  8:15  SCV  
  148  8:17  SCV  
  148  8:19  Supply Depot, Marine  
  153  8:21  Terran Infantry Armor Level 1  
  153  8:28  SCV  
  153  8:30  Supply Depot, Marine x2  
  153  8:31  Supply Depot  
  156  8:36  Viking  
  156  8:40  Marine x2  
  156  8:41  Marauder, Viking  
  162  8:44  Supply Depot, Marine  
  165  8:50  SCV  
  165  8:51  Supply Depot  
  165  8:52  Marauder  
  165  8:53  Marine  
  169  8:57  Widow Mine  
  169  8:58  Marine  
  169  8:59  Marauder  
  169  9:01  Widow Mine  
  169  9:02  Marauder, Marine  
  174  9:11  Marine  
  174  9:13  Viking x2  
  178  9:19  Widow Mine  
  178  9:20  Armory  
  178  9:22  Widow Mine  
  182  9:25  SCV  
  182  9:26  SCV x2  
  184  9:32  Marine  
  184  9:33  Marauder  
  184  9:34  Marine  
  184  9:37  Marauder, Marine  
  191  9:40  Marauder  
  191  9:43  Viking x2  
  185  9:54  Marine  
  177  10:07  Marine  
  177  10:08  Widow Mine x2  
  177  10:09  SCV  
  177  10:11  Marine  
  177  10:12  Marauder  
  177  10:13  Viking x2  
  175  10:25  Ghost Academy  
  175  10:29  Widow Mine, Refinery x2  
  175  10:32  Command Center  
  177  10:36  SCV  
  174  10:44  Sensor Tower  
  174  10:46  Bunker  
  174  10:47  Liberator x2  
  180  10:55  Ghost  
  180  10:56  SCV  
  183  10:57  SCV  
  183  11:02  Barracks  
  183  11:03  Barracks  
  184  11:05  Barracks  

Tags
 
Add a new tag
Caveats
  • Supply blocks, unpowered buildings, or Contaminate may cause inaccurate times.
  • Supply counts are checked every 10 seconds.